Map: Lerilak Crest

Players

Devotion

  • Race: Terran Terran
  • League: Gold

Ontolog - Winner!

  • Race: Terran Terran
  • League: Gold

VOD

Have the link to the VOD?

Description

Siege tank engagement fail.

Time

  • Played on: Nov. 28, 2015, 7:24 p.m.
  • Length: 10:35
Show
View Real Time Build Order
Export as new Build Order

Devotion Terran 

Build Orders: Reaper Expand 

Get SALT Encoding   

  12  0:00  SCV  
  13  0:12  SCV  
  14  0:18  Supply Depot  
  14  0:25  SCV  
  15  0:40  SCV  
  15  0:41  Barracks  
  16  0:46  Refinery  
  16  0:52  SCV  
  18  1:04  SCV  
  18  1:16  SCV  
  19  1:28  SCV  
  19  1:30  Reaper  
  21  1:41  Command Center  
  21  1:51  Orbital Command  
  20  2:03  Barracks Reactor  
  20  2:11  Supply Depot  
  20  2:15  Barracks  
  20  2:25  SCV  
  21  2:37  SCV  
  21  2:39  Marine x2  
  24  2:46  Refinery  
  24  2:49  SCV, Factory  
  25  3:02  Marine  
  25  3:03  Marine  
  25  3:05  Barracks Tech Lab  
  27  3:06  SCV  
  28  3:15  Orbital Command  
  28  3:20  Marine  
  29  3:32  Marine, Marauder  
  29  3:34  Factory Tech Lab  
  32  3:39  SCV  
  33  3:45  Starport  
  33  3:51  SCV  
  34  4:07  Marine x2  
  36  4:11  Marauder  
  38  4:19  SCV, Siege Tank  
  38  4:24  Barracks  
  42  4:25  Engineering Bay  
  42  4:29  Engineering Bay  
  42  4:30  Starport Reactor  
  42  4:31  SCV  
  42  4:33  Marauder  
  42  4:36  Stimpack  
  42  4:37  Marine  
  46  4:43  Marine  
  47  4:46  Supply Depot  
  47  4:47  SCV  
  47  4:52  SCV  
  49  5:06  Marauder, Marine x2  
  53  5:08  Medivac  
  53  5:10  Medivac  
  53  5:13  SCV  
  58  5:24  Marine  
  59  5:31  SCV x2  
  59  5:32  Marine  
  62  5:39  Marauder  
  62  5:42  Marine  
  58  6:02  Supply Depot  
  58  6:05  Refinery  
  58  6:07  Refinery  
  58  6:20  Supply Depot  
  58  6:21  Command Center  
  58  6:23  SCV x2, Marine x2  
  62  6:28  Supply Depot  
  62  6:35  SCV x2  
  62  6:48  SCV x2  
  62  6:52  Marine x2  
  62  6:53  Barracks Reactor  
  66  6:54  Terran Infantry Weapons Level 1, Terran Infantry Armor Level 1  
  66  7:00  SCV x2  
  42  7:11  Marine x2  
  42  7:12  Marauder  
  42  7:14  Medivac  
  46  7:19  SCV x2  
  48  7:33  Marauder  
  48  7:34  Marine x2  
  52  7:41  Orbital Command  
  52  7:44  SCV x2, Refinery  
  52  7:51  Siege Tank  
  57  7:55  Marauder  
  55  8:16  Marauder  
  53  8:23  Marine x4  
  51  8:37  Marauder  
  51  8:41  Marine x2  
  51  8:45  SCV x2  
  55  8:51  Medivac  
  55  8:52  Medivac  
  59  8:58  Marine x2  
  59  8:59  Marauder  
  63  9:02  Command Center  
  63  9:04  Barracks  
  63  9:17  Marine x3  
  63  9:18  Marine  
  63  9:20  Marauder  
  69  9:28  Medivac x2  
  69  9:30  Widow Mine  
  75  9:35  Marine x3  
  78  9:49  Supply Depot, Marauder  
  78  9:50  SCV x2  
  82  10:00  Medivac  
  82  10:01  Medivac  
  86  10:08  Barracks Tech Lab  
  86  10:11  SCV x2  
Show
View Real Time Build Order
Export as new Build Order

Ontolog Terran - Winner!

Build Orders: Bio Tank, MMM Bio 

Get SALT Encoding   

  12  0:01  SCV  
  13  0:13  SCV  
  14  0:19  Supply Depot  
  14  0:25  SCV  
  15  0:41  SCV  
  16  0:43  Barracks  
  16  0:53  SCV  
  17  1:05  SCV  
  18  1:16  Command Center  
  18  1:18  SCV  
  19  1:31  Marine  
  20  1:34  Supply Depot  
  20  1:38  Orbital Command  
  20  1:49  Refinery  
  20  1:51  Refinery  
  20  1:57  Marine  
  21  2:12  SCV  
  21  2:15  Marine  
  22  2:24  SCV  
  23  2:33  Marine  
  23  2:43  Factory  
  23  2:48  SCV  
  23  2:51  Marine  
  25  3:00  SCV  
  26  3:06  Orbital Command  
  26  3:17  SCV  
  27  3:21  Barracks Tech Lab  
  27  3:25  Barracks  
  27  3:29  SCV  
  27  3:32  Factory Tech Lab  
  28  3:35  SCV  
  29  3:41  SCV  
  29  3:42  Stimpack, Marine  
  31  3:48  SCV  
  31  3:50  Starport  
  31  3:53  SCV  
  31  3:54  Refinery  
  32  4:09  Marine  
  32  4:18  Siege Tank  
  32  4:20  SCV x2  
  37  4:27  Marine  
  38  4:32  SCV  
  38  4:33  Medivac  
  38  4:35  Engineering Bay  
  38  4:36  Marine  
  42  4:40  SCV  
  42  4:42  Supply Depot  
  42  4:44  SCV, Marine  
  45  4:53  Barracks  
  45  5:02  Supply Depot  
  45  5:04  Siege Tank  
  48  5:18  Marine  
  48  5:19  Marine  
  48  5:20  Starport Reactor  
  49  5:22  SCV x2  
  51  5:36  Marine  
  50  5:42  Marine  
  50  5:45  Terran Infantry Weapons Level 1  
  50  5:46  SCV x2  
  53  5:54  Marine  
  54  5:58  SCV x2  
  54  5:59  Siege Tank  
  54  6:00  Marine  
  54  6:02  Refinery  
  60  6:05  Bunker  
  60  6:10  SCV  
  61  6:17  Barracks Reactor  
  61  6:26  Marine  
  61  6:27  Combat Shields  
  62  6:56  SCV x2  
  61  7:04  Viking x2  
  60  7:09  SCV  
  61  7:21  Marine  
  62  7:38  Supply Depot  
  62  7:43  Supply Depot x2  
  62  7:50  Command Center  
  62  7:51  Terran Infantry Armor Level 1  
  62  7:59  Marine x3  
  62  8:00  Siege Tank, Marauder  
  62  8:04  Missile Turret, Medivac x2  
  74  8:21  Marauder  
  74  8:24  Marine  
  74  8:25  Marine x2  
  79  8:28  SCV  
  79  8:32  Siege Tank  
  83  8:40  SCV  
  84  8:43  Marauder  
  86  8:51  Missile Turret  
  86  9:01  SCV, Marine x3  
  90  9:04  Siege Tank, Marauder  
  95  9:13  SCV  
  95  9:15  Orbital Command  
  96  9:19  Medivac x2  
  96  9:20  Marine  
  96  9:22  Barracks Reactor  
  101  9:28  Barracks  
  101  9:29  Command Center, Barracks  
Tags
 
Add a new tag
Caveats
  • Supply blocks, unpowered buildings, or Contaminate may cause inaccurate times.
  • Supply counts are checked every 10 seconds.